[ AOE2 MATCH · #484189600 ]
UnrankedLithuanians vs Poles
[ REPLAY ANALYSIS · EXTRACTED FROM THE RECORDED GAME ]
Feudal
12:46
Castle
17:19
Imperial
36:36
| APM avg | 18.7 |
| APM peak | 42 |
| eAPM avg | 11.1 |
| Villagers / military | 159 / 241 |
Focus
⚔️ 27.0% · 🌾 73.0%
Knight ×227 · Monk ×10 · Leitis ×4
Feudal
13:33
Castle
—
Imperial
—
| APM avg | 5.0 |
| APM peak | 45 |
| eAPM avg | 2.3 |
| Villagers / military | 32 / 0 |
Focus
⚔️ 4.8% · 🌾 95.2%
Feudal
11:23
Castle
—
Imperial
—
| APM avg | 11.7 |
| APM peak | 80 |
| eAPM avg | 5.9 |
| Villagers / military | 54 / 20 |
Focus
⚔️ 20.6% · 🌾 79.4%
Archer ×17 · Spearman ×3
Feudal
—
Castle
—
Imperial
—
| APM avg | 0.4 |
| APM peak | 21 |
| eAPM avg | 0.2 |
| Villagers / military | 4 / 0 |
Focus
⚔️ 0.0% · 🌾 100.0%
Feudal
10:01
Castle
14:50
Imperial
33:11
| APM avg | 15.0 |
| APM peak | 32 |
| eAPM avg | 10.2 |
| Villagers / military | 165 / 440 |
Focus
⚔️ 37.5% · 🌾 62.5%
Scout Cavalry ×218 · Spearman ×138 · War Elephant ×60 · Knight ×24
Feudal
10:30
Castle
20:14
Imperial
—
| APM avg | 5.9 |
| APM peak | 43 |
| eAPM avg | 2.8 |
| Villagers / military | 37 / 6 |
Focus
⚔️ 13.2% · 🌾 86.8%
Spearman ×6
Feudal
9:42
Castle
15:38
Imperial
56:59
| APM avg | 24.3 |
| APM peak | 104 |
| eAPM avg | 19.1 |
| Villagers / military | 397 / 378 |
Focus
⚔️ 32.6% · 🌾 67.4%
Camel Scout ×331 · Scout Cavalry ×35 · Spearman ×12
Feudal
10:57
Castle
25:05
Imperial
39:40
| APM avg | 41.0 |
| APM peak | 88 |
| eAPM avg | 20.2 |
| Villagers / military | 187 / 157 |
Focus
⚔️ 30.5% · 🌾 69.5%
Battle Elephant ×69 · Spearman ×25 · Scout Cavalry ×21 · Monk ×19 · Scorpion ×19 · Trebuchet (Packed) ×4
Match map
Initial resources + every placement click. Lines = walls · curves = elevation contours. ◆ gold · ⬟ stone · ● berries · ✦ relic · ◌ wall gap
Your base· Open — unwalled flank
passami lo sdrogo's base· Open — unwalled flank
Bantum's base· ✓ Closed at 24:11 · 54t walls · 3 gate(s)
Gabrielzou's base· Open — unwalled flank
Fragless's base· Open — unwalled flank
kittarington's base· Open — unwalled flank
max_paynich's base· Open — unwalled flank
FRANCO1's base· Open — unwalled flank
Smoothed initial terrain · ◌ = detected wall gap · hover for details
Inputs per minute
— * - - passami lo sdrogo
Build order — *
First 150 of 403 actions detected
| 0:05 | Create | Villager (Male) |
| 0:06 | Research | Loom |
| 0:07 | Create | Villager (Male) ×5 |
| 0:15 | Build | House |
| 0:19 | Build | House |
| 1:09 | Build | House |
| 1:46 | Build | Mill |
| 2:30 | Create | Villager (Male) |
| 2:30 | Create | Villager (Male) |
| 2:31 | Create | Villager (Male) |
| 3:32 | Create | Villager (Male) |
| 3:33 | Create | Villager (Male) |
| 3:33 | Create | Villager (Male) |
| 4:14 | Create | Villager (Male) |
| 4:15 | Create | Villager (Male) |
| 5:12 | Create | Villager (Male) |
| 5:13 | Create | Villager (Male) |
| 5:14 | Create | Villager (Male) |
| 5:14 | Create | Villager (Male) |
| 5:59 | Build | House |
| 7:15 | Create | Villager (Male) |
| 7:16 | Create | Villager (Male) |
| 7:16 | Create | Villager (Male) |
| 7:16 | Create | Villager (Male) |
| 7:18 | Create | Villager (Male) |
| 9:00 | Create | Villager (Male) |
| 9:06 | Build | House |
| 9:22 | Create | Villager (Male) |
| 9:53 | Build | Lumber Camp |
| 10:07 | Create | Villager (Male) |
| 10:12 | Research | Feudal Age |
| 10:36 | Build | Mining Camp |
| 11:22 | Build | Palisade Wall |
| 11:34 | Create | Villager (Male) |
| 11:35 | Create | Villager (Male) |
| 11:45 | Build | House |
| 11:48 | Build | House |
| 12:46 | Age | Feudal Age |
| 12:55 | Build | Mill |
| 13:07 | Build | Blacksmith |
| 13:18 | Build | Market |
| 13:37 | Create | Villager (Male) |
| 13:38 | Create | Villager (Male) |
| 13:58 | Build | Palisade Wall |
| 14:39 | Research | Castle Age |
| 14:50 | Build | Barracks |
| 15:03 | Build | Palisade Gate |
| 15:12 | Build | Palisade Wall |
| 15:25 | Create | Villager (Male) |
| 15:26 | Create | Villager (Male) |
| 15:28 | Research | Horse Collar |
| 15:53 | Build | Stable |
| 16:20 | Research | Double-Bit Axe |
| 16:28 | Research | Scale Barding Armor |
| 16:50 | Build | Stable |
| 17:10 | Build | Farm |
| 17:19 | Age | Castle Age |
| 17:28 | Create | Villager (Male) |
| 17:50 | Build | Monastery |
| 18:11 | Create | Knight |
| 18:11 | Create | Knight |
| 18:13 | Create | Villager (Male) |
| 18:40 | Build | Mill |
| 19:02 | Create | Villager (Male) |
| 19:06 | Research | Wheelbarrow |
| 19:10 | Create | Monk |
| 19:11 | Create | Monk |
| 19:44 | Build | Town Center |
| 19:54 | Build | House |
| 20:02 | Build | House |
| 20:34 | Create | Knight ×3 |
| 21:00 | Build | House |
| 21:02 | Build | House |
| 21:16 | Research | Hand Cart |
| 21:17 | Create | Villager (Male) |
| 21:50 | Build | Palisade Wall |
| 21:54 | Create | Knight ×2 |
| 21:59 | Build | Farm |
| 22:14 | Build | Town Center |
| 22:22 | Create | Monk |
| 22:43 | Create | Villager (Male) |
| 22:43 | Create | Villager (Male) |
| 22:56 | Build | Farm |
| 23:00 | Build | Farm |
| 23:03 | Create | Villager (Male) |
| 23:48 | Create | Villager (Male) |
| 23:50 | Create | Villager (Male) |
| 23:56 | Build | Farm |
| 23:56 | Build | Farm |
| 23:57 | Build | Farm |
| 23:57 | Build | Farm |
| 23:57 | Build | Farm |
| 23:57 | Build | Farm |
| 23:58 | Build | Farm |
| 23:58 | Build | Farm |
| 23:58 | Build | Farm |
| 24:00 | Build | Farm |
| 24:05 | Create | Villager (Male) |
| 24:05 | Create | Villager (Male) |
| 24:57 | Research | Chain Barding Armor |
| 25:51 | Create | Knight ×3 |
| 25:57 | Create | Villager (Male) |
| 25:59 | Create | Villager (Male) |
| 26:03 | Create | Villager (Male) |
| 26:39 | Research | Husbandry |
| 27:26 | Research | Bloodlines |
| 27:27 | Create | Knight ×2 |
| 27:27 | Create | Knight ×2 |
| 27:33 | Create | Villager (Male) |
| 27:56 | Build | Farm |
| 27:56 | Build | Farm |
| 27:57 | Build | Farm |
| 27:57 | Build | Farm |
| 27:57 | Build | Farm |
| 29:32 | Research | Forging |
| 29:33 | Create | Villager (Male) |
| 29:35 | Create | Villager (Male) |
| 29:37 | Create | Villager (Male) |
| 29:41 | Create | Knight ×5 |
| 29:42 | Create | Knight |
| 30:04 | Build | Castle |
| 30:09 | Build | Lumber Camp |
| 30:11 | Create | Villager (Male) |
| 30:14 | Create | Villager (Male) |
| 30:16 | Create | Villager (Male) |
| 30:16 | Create | Villager (Male) |
| 30:17 | Create | Villager (Male) |
| 30:39 | Research | Iron Casting |
| 30:45 | Create | Villager (Male) |
| 30:53 | Build | Farm |
| 30:53 | Build | Farm |
| 30:53 | Build | Farm |
| 30:54 | Build | Farm |
| 30:54 | Build | Farm |
| 30:54 | Build | Farm |
| 31:05 | Create | Villager (Male) |
| 31:05 | Create | Villager (Male) |
| 31:40 | Build | Stable |
| 31:42 | Build | Stable |
| 31:43 | Build | Stable |
| 31:47 | Build | Stable |
| 32:17 | Create | Villager (Male) |
| 32:17 | Create | Villager (Male) |
| 32:23 | Create | Villager (Male) |
| 32:23 | Create | Villager (Male) |
| 32:23 | Create | Villager (Male) |
| 32:31 | Build | Farm |
| 32:31 | Build | Farm |
| 32:31 | Build | Farm |
| 33:26 | Research | Imperial Age |
Build order — passami lo sdrogo
64 actions detected in the replay
| 0:07 | Create | Villager (Male) |
| 0:07 | Create | Villager (Male) |
| 0:08 | Create | Villager (Male) |
| 0:08 | Create | Villager (Male) |
| 0:08 | Create | Villager (Male) |
| 0:08 | Create | Villager (Male) |
| 0:12 | Build | House |
| 0:17 | Build | House |
| 1:45 | Create | Villager (Male) |
| 2:02 | Build | Lumber Camp |
| 2:06 | Research | Loom |
| 2:06 | Create | Villager (Male) |
| 2:42 | Create | Villager (Male) |
| 3:09 | Create | Villager (Male) |
| 3:20 | Create | Villager (Male) |
| 3:47 | Create | Villager (Male) |
| 4:26 | Build | Mill |
| 4:36 | Create | Villager (Male) |
| 4:36 | Create | Villager (Male) |
| 5:55 | Create | Villager (Male) |
| 6:20 | Create | Villager (Male) |
| 6:30 | Build | Mill |
| 6:48 | Create | Villager (Male) |
| 6:49 | Create | Villager (Male) |
| 6:49 | Create | Villager (Male) |
| 6:49 | Create | Villager (Male) |
| 7:02 | Create | Villager (Male) |
| 7:02 | Create | Villager (Male) |
| 7:27 | Create | Villager (Male) |
| 7:44 | Build | Lumber Camp |
| 7:47 | Create | Villager (Male) |
| 7:47 | Create | Villager (Male) |
| 7:47 | Create | Villager (Male) |
| 7:56 | Build | Mill |
| 8:25 | Create | Villager (Male) |
| 9:00 | Create | Villager (Male) |
| 9:30 | Build | Farm |
| 9:53 | Build | Farm |
| 10:03 | Build | Barracks |
| 10:06 | Build | Farm |
| 10:31 | Build | Mill |
| 10:38 | Research | Feudal Age |
| 10:50 | Build | Mining Camp |
| 11:39 | Build | Farm |
| 11:39 | Build | Farm |
| 11:58 | Create | Villager (Male) |
| 11:58 | Create | Villager (Male) |
| 12:33 | Build | Farm |
| 12:41 | Build | Farm |
| 13:33 | Age | Feudal Age |
| 14:27 | Build | Stable |
| 14:33 | Build | Stone Wall |
| 14:35 | Create | Villager (Male) |
| 14:35 | Create | Villager (Male) |
| 14:40 | Build | Market |
| 14:42 | Research | Double-Bit Axe |
| 14:49 | Build | Gate |
| 14:54 | Build | Stable |
| 15:04 | Build | House |
| 15:14 | Research | Gold Mining |
| 15:51 | Research | Castle Age |
| 16:00 | Build | Farm |
| 16:01 | Build | Farm |
| 16:03 | Build | Farm |
Build order — Bantum
First 150 of 154 actions detected
| 0:01 | Create | Villager (Male) |
| 0:01 | Create | Villager (Male) |
| 0:01 | Create | Villager (Male) |
| 0:03 | Build | House |
| 0:06 | Research | Loom |
| 0:06 | Create | Villager (Male) |
| 0:08 | Build | House |
| 0:58 | Create | Villager (Male) |
| 0:58 | Create | Villager (Male) |
| 0:58 | Create | Villager (Male) |
| 1:27 | Create | Villager (Male) |
| 1:39 | Create | Villager (Male) |
| 1:39 | Create | Villager (Male) |
| 1:52 | Build | House |
| 2:03 | Build | House |
| 2:07 | Build | Lumber Camp |
| 2:10 | Create | Villager (Male) |
| 2:50 | Create | Villager (Male) |
| 3:21 | Create | Villager (Male) |
| 3:21 | Create | Villager (Male) |
| 3:53 | Create | Villager (Male) |
| 3:53 | Create | Villager (Male) |
| 4:21 | Create | Villager (Male) |
| 4:21 | Create | Villager (Male) |
| 4:39 | Create | Villager (Male) |
| 4:55 | Build | Mill |
| 5:30 | Create | Villager (Male) |
| 5:45 | Build | Palisade Wall |
| 5:51 | Build | Palisade Gate |
| 5:57 | Create | Villager (Male) |
| 5:58 | Create | Villager (Male) |
| 6:23 | Build | House |
| 6:24 | Build | House |
| 6:28 | Create | Villager (Male) |
| 6:38 | Build | Palisade Wall |
| 6:42 | Build | Palisade Gate |
| 6:44 | Create | Villager (Male) |
| 7:37 | Create | Villager (Male) |
| 7:58 | Create | Villager (Male) |
| 8:42 | Create | Villager (Male) |
| 8:49 | Build | Mill |
| 9:13 | Research | Feudal Age |
| 9:33 | Build | Palisade Wall |
| 9:39 | Build | Palisade Wall |
| 9:44 | Build | Palisade Gate |
| 9:59 | Create | Villager (Male) |
| 10:12 | Build | Barracks |
| 10:20 | Build | House |
| 10:23 | Create | Villager (Male) |
| 11:01 | Build | Mining Camp |
| 11:06 | Create | Villager (Male) |
| 11:23 | Age | Feudal Age |
| 11:32 | Create | Villager (Male) |
| 12:34 | Build | Archery Range |
| 12:37 | Create | Villager (Male) |
| 12:52 | Research | Double-Bit Axe |
| 13:24 | Build | House |
| 13:36 | Build | Lumber Camp |
| 13:41 | Create | Villager (Male) |
| 13:58 | Create | Villager (Male) |
| 14:17 | Build | Archery Range |
| 14:27 | Create | Villager (Male) |
| 14:41 | Create | Archer |
| 14:41 | Create | Archer |
| 14:41 | Create | Archer |
| 14:45 | Create | Villager (Male) |
| 14:49 | Build | House |
| 14:55 | Build | House |
| 15:12 | Create | Villager (Male) |
| 15:22 | Create | Archer |
| 15:22 | Create | Archer |
| 15:22 | Create | Archer |
| 15:23 | Create | Archer |
| 15:36 | Build | Blacksmith |
| 15:48 | Create | Archer |
| 15:48 | Create | Archer |
| 15:49 | Create | Archer |
| 15:50 | Create | Archer |
| 15:51 | Create | Villager (Male) |
| 15:52 | Create | Villager (Male) |
| 16:24 | Create | Villager (Male) |
| 16:38 | Research | Fletching |
| 16:41 | Research | Padded Archer Armor |
| 16:42 | Create | Villager (Male) |
| 16:46 | Build | Farm |
| 16:49 | Research | Horse Collar |
| 16:51 | Create | Villager (Male) |
| 16:56 | Build | Farm |
| 17:01 | Build | Farm |
| 17:05 | Build | House |
| 17:06 | Build | House |
| 17:10 | Build | House |
| 17:14 | Create | Villager (Male) |
| 17:22 | Build | House |
| 17:37 | Build | House |
| 17:43 | Build | House |
| 17:44 | Build | House |
| 18:09 | Create | Villager (Male) |
| 18:17 | Build | House |
| 18:44 | Create | Villager (Male) |
| 18:49 | Create | Spearman |
| 18:50 | Create | Spearman |
| 18:50 | Create | Spearman |
| 18:54 | Build | Farm |
| 18:59 | Build | Farm |
| 18:59 | Build | Farm |
| 19:00 | Build | Farm |
| 19:00 | Build | Farm |
| 19:00 | Build | Farm |
| 19:00 | Build | Farm |
| 19:01 | Build | Farm |
| 19:11 | Build | Watch Tower |
| 19:22 | Create | Villager (Male) |
| 19:42 | Create | Villager (Male) |
| 19:47 | Create | Villager (Male) |
| 19:51 | Build | Farm |
| 19:54 | Build | Farm |
| 20:33 | Create | Archer |
| 20:33 | Create | Archer |
| 20:34 | Create | Archer |
| 20:35 | Create | Villager (Male) |
| 20:35 | Create | Villager (Male) |
| 20:38 | Create | Archer |
| 20:43 | Build | Farm |
| 20:46 | Build | Farm |
| 20:48 | Build | Mill |
| 20:50 | Build | Farm |
| 20:59 | Create | Villager (Male) |
| 21:30 | Create | Archer |
| 21:30 | Create | Archer |
| 21:32 | Create | Villager (Male) |
| 21:33 | Create | Villager (Male) |
| 22:07 | Create | Villager (Male) |
| 22:27 | Build | Mill |
| 22:28 | Build | Farm |
| 22:29 | Build | Farm |
| 22:30 | Build | Farm |
| 22:50 | Build | Farm |
| 22:51 | Build | Farm |
| 22:53 | Build | Farm |
| 22:56 | Build | Mill |
| 23:00 | Build | Farm |
| 23:00 | Build | Farm |
| 24:06 | Build | Farm |
| 24:08 | Build | Farm |
| 24:08 | Build | Farm |
| 24:11 | Research | Castle Age |
| 24:37 | Build | House |
| 25:23 | Build | Mining Camp |
| 25:28 | Build | House |
Build order — Gabrielzou
6 actions detected in the replay
| 12:10 | Build | House |
| 12:13 | Build | House |
| 12:27 | Create | Villager (Male) |
| 12:28 | Create | Villager (Male) |
| 12:29 | Create | Villager (Male) |
| 12:29 | Create | Villager (Male) |
Build order — Fragless
First 150 of 384 actions detected
| 0:02 | Create | Villager (Male) ×5 |
| 0:04 | Build | House |
| 0:06 | Build | House |
| 1:24 | Create | Villager (Male) |
| 2:01 | Create | Villager (Male) |
| 2:01 | Create | Villager (Male) |
| 2:13 | Build | Lumber Camp |
| 2:55 | Create | Villager (Male) |
| 2:55 | Create | Villager (Male) |
| 2:55 | Create | Villager (Male) |
| 3:19 | Build | House |
| 3:31 | Create | Villager (Male) |
| 3:32 | Create | Villager (Male) |
| 3:32 | Create | Villager (Male) |
| 4:06 | Build | Mill |
| 4:10 | Build | House |
| 4:32 | Create | Villager (Male) |
| 4:32 | Create | Villager (Male) |
| 4:33 | Create | Villager (Male) |
| 4:57 | Create | Villager (Male) |
| 5:09 | Create | Villager (Male) |
| 5:30 | Create | Villager (Male) |
| 5:50 | Create | Villager (Male) |
| 5:54 | Create | Villager (Male) |
| 6:08 | Build | House |
| 7:23 | Research | Loom |
| 7:57 | Research | Feudal Age |
| 8:45 | Build | Mining Camp |
| 9:02 | Create | Villager (Male) |
| 9:03 | Create | Villager (Male) |
| 10:01 | Age | Feudal Age |
| 10:02 | Research | Double-Bit Axe |
| 10:08 | Build | Market |
| 10:43 | Build | Blacksmith |
| 11:20 | Create | Villager (Male) |
| 11:21 | Create | Villager (Male) |
| 12:25 | Research | Castle Age |
| 12:30 | Research | Horse Collar |
| 12:54 | Build | Farm |
| 13:17 | Build | Farm |
| 13:18 | Build | Farm |
| 13:50 | Build | Farm |
| 13:53 | Build | Farm |
| 13:55 | Build | Farm |
| 14:14 | Build | House |
| 14:21 | Create | Villager (Male) |
| 14:21 | Create | Villager (Male) |
| 14:50 | Age | Castle Age |
| 14:53 | Build | Town Center |
| 15:07 | Create | Villager (Male) |
| 15:22 | Build | Town Center |
| 15:42 | Create | Villager (Male) |
| 16:17 | Build | House |
| 16:27 | Build | Farm |
| 16:28 | Build | Farm |
| 16:44 | Create | Villager (Male) ×4 |
| 16:51 | Build | Farm |
| 16:54 | Build | Farm |
| 18:09 | Create | Villager (Male) |
| 18:40 | Create | Villager (Male) ×5 |
| 18:50 | Build | Barracks |
| 18:57 | Create | Villager (Male) ×2 |
| 19:05 | Build | Stone Wall |
| 19:21 | Create | Villager (Male) |
| 19:27 | Build | Farm |
| 19:28 | Build | Farm |
| 19:30 | Build | Farm |
| 19:40 | Create | Spearman |
| 19:41 | Create | Spearman |
| 19:47 | Build | House |
| 20:11 | Create | Spearman |
| 20:17 | Research | Town Watch |
| 20:19 | Create | Villager (Male) |
| 20:24 | Build | House |
| 20:29 | Create | Spearman |
| 20:34 | Build | Farm |
| 21:03 | Build | Stone Wall |
| 21:06 | Create | Villager (Male) ×3 |
| 21:14 | Build | Farm |
| 21:15 | Build | Farm |
| 21:17 | Build | Farm |
| 21:34 | Build | Farm |
| 21:36 | Build | Farm |
| 21:38 | Build | Farm |
| 21:44 | Build | House |
| 21:51 | Research | Bow Saw |
| 22:00 | Build | House |
| 22:26 | Build | Gate |
| 22:32 | Create | Villager (Male) ×4 |
| 22:49 | Create | Villager (Male) ×3 |
| 22:54 | Build | Farm |
| 22:56 | Build | Farm |
| 22:58 | Build | Farm |
| 22:59 | Build | Farm |
| 23:00 | Build | Farm |
| 23:09 | Research | Heavy Plow |
| 23:26 | Create | Villager (Male) ×2 |
| 23:56 | Build | House |
| 23:57 | Build | House |
| 24:07 | Build | Farm |
| 24:09 | Build | Farm |
| 24:11 | Build | Farm |
| 24:32 | Research | Pikeman (upgrade) |
| 24:57 | Build | Castle |
| 25:08 | Create | Villager (Male) ×5 |
| 25:29 | Build | House |
| 25:55 | Build | Farm |
| 26:01 | Create | Spearman |
| 26:02 | Create | Spearman |
| 26:31 | Research | Scale Mail Armor |
| 26:35 | Create | Spearman |
| 26:45 | Research | Fletching |
| 26:51 | Create | Spearman |
| 26:54 | Create | Villager (Male) ×5 |
| 26:59 | Build | Barracks |
| 27:05 | Build | Barracks |
| 27:10 | Research | Wheelbarrow |
| 27:22 | Create | Spearman |
| 27:28 | Research | Chain Mail Armor |
| 27:34 | Create | Spearman |
| 27:34 | Create | Spearman |
| 27:38 | Create | Spearman |
| 27:49 | Build | House |
| 27:50 | Build | House |
| 28:31 | Build | Gate |
| 28:37 | Build | Stone Wall |
| 28:56 | Create | Villager (Male) ×5 |
| 28:56 | Create | Villager (Male) ×5 |
| 29:03 | Create | Spearman ×5 |
| 29:06 | Research | Forging |
| 29:07 | Research | Bodkin Arrow |
| 29:42 | Research | Squires |
| 30:10 | Build | Farm |
| 30:12 | Build | Farm |
| 30:18 | Build | Lumber Camp |
| 30:26 | Research | Imperial Age |
| 30:35 | Build | Mining Camp |
| 30:38 | Create | Villager (Male) ×3 |
| 31:07 | Build | Farm |
| 31:08 | Build | Farm |
| 31:13 | Research | Hand Cart |
| 31:14 | Create | Villager (Male) |
| 31:14 | Create | Villager (Male) |
| 31:48 | Create | Spearman ×5 |
| 31:48 | Create | Spearman ×5 |
| 31:59 | Build | Castle |
| 32:08 | Build | University |
| 32:24 | Create | Spearman ×5 |
| 32:24 | Create | Spearman ×5 |
| 32:33 | Build | House |
Build order — kittarington
84 actions detected in the replay
| 0:08 | Build | House |
| 0:11 | Build | House |
| 0:12 | Create | Villager (Male) |
| 0:12 | Create | Villager (Male) |
| 0:12 | Create | Villager (Male) |
| 0:13 | Create | Villager (Male) |
| 0:13 | Create | Villager (Male) |
| 1:42 | Create | Villager (Male) |
| 2:28 | Create | Villager (Male) |
| 2:58 | Create | Villager (Male) |
| 2:59 | Create | Villager (Male) |
| 3:53 | Build | House |
| 4:05 | Create | Villager (Male) |
| 4:28 | Build | House |
| 4:43 | Create | Villager (Male) |
| 4:43 | Create | Villager (Male) |
| 4:44 | Create | Villager (Male) |
| 5:07 | Create | Villager (Male) |
| 5:20 | Create | Villager (Male) |
| 5:53 | Build | Lumber Camp |
| 5:57 | Create | Villager (Male) |
| 5:58 | Create | Villager (Male) |
| 6:41 | Create | Villager (Male) |
| 6:56 | Build | Mill |
| 7:30 | Research | Loom |
| 7:32 | Create | Villager (Male) |
| 7:40 | Create | Villager (Male) |
| 8:01 | Research | Feudal Age |
| 8:17 | Create | Villager (Male) |
| 8:47 | Build | Lumber Camp |
| 10:30 | Age | Feudal Age |
| 10:33 | Create | Villager (Male) |
| 11:01 | Create | Villager (Male) |
| 11:04 | Research | Horse Collar |
| 11:05 | Research | Double-Bit Axe |
| 11:11 | Build | House |
| 11:22 | Create | Villager (Male) |
| 11:33 | Build | Barracks |
| 11:50 | Build | House |
| 11:53 | Research | Town Watch |
| 12:10 | Create | Villager (Male) |
| 13:04 | Create | Villager (Male) |
| 13:06 | Create | Villager (Male) |
| 13:15 | Build | House |
| 13:20 | Create | Villager (Male) |
| 13:23 | Create | Spearman |
| 13:23 | Create | Spearman |
| 13:33 | Build | House |
| 13:50 | Create | Spearman |
| 13:57 | Build | Blacksmith |
| 14:03 | Create | Villager (Male) |
| 14:12 | Create | Villager (Male) |
| 14:24 | Build | House |
| 14:27 | Build | House |
| 14:53 | Build | Mining Camp |
| 15:02 | Create | Villager (Male) |
| 15:12 | Build | Market |
| 15:19 | Create | Spearman |
| 15:47 | Create | Spearman |
| 15:50 | Create | Villager (Male) |
| 16:32 | Build | Mining Camp |
| 16:50 | Build | House |
| 16:54 | Build | Barracks |
| 17:09 | Create | Villager (Male) |
| 17:12 | Build | Farm |
| 17:13 | Build | Farm |
| 17:22 | Build | Farm |
| 17:24 | Build | Farm |
| 17:26 | Research | Castle Age |
| 17:34 | Build | House |
| 18:28 | Build | Farm |
| 18:33 | Build | Farm |
| 18:36 | Build | Farm |
| 18:55 | Research | Stone Mining |
| 19:40 | Build | Stone Wall |
| 19:51 | Build | Stone Wall |
| 19:58 | Create | Villager (Male) |
| 20:08 | Create | Villager (Male) |
| 20:12 | Research | Wheelbarrow |
| 20:14 | Age | Castle Age |
| 20:22 | Build | Town Center |
| 20:31 | Create | Villager (Male) |
| 21:10 | Create | Spearman |
| 21:25 | Create | Villager (Male) |
Build order — max_paynich
First 150 of 517 actions detected
| 0:05 | Create | Villager (Male) ×4 |
| 0:05 | Research | Loom |
| 0:11 | Build | House |
| 1:24 | Create | Villager (Male) |
| 1:24 | Create | Villager (Male) |
| 1:44 | Create | Villager (Male) |
| 1:50 | Build | House |
| 2:02 | Create | Villager (Male) |
| 2:37 | Build | House |
| 2:39 | Build | House |
| 2:41 | Build | House |
| 2:49 | Create | Villager (Male) |
| 3:36 | Create | Villager (Male) ×2 |
| 3:58 | Build | Lumber Camp |
| 4:16 | Create | Villager (Male) ×2 |
| 4:16 | Create | Villager (Male) ×2 |
| 4:41 | Create | Villager (Male) |
| 4:56 | Build | Mill |
| 5:12 | Create | Villager (Male) |
| 5:33 | Create | Villager (Male) |
| 6:12 | Create | Villager (Male) |
| 6:13 | Create | Villager (Male) |
| 6:46 | Create | Villager (Male) |
| 7:32 | Research | Feudal Age |
| 7:33 | Research | Loom |
| 9:37 | Build | Mining Camp |
| 9:42 | Age | Feudal Age |
| 9:46 | Research | Double-Bit Axe |
| 9:48 | Research | Horse Collar |
| 9:58 | Create | Villager (Male) |
| 9:58 | Create | Villager (Male) |
| 9:59 | Create | Villager (Male) |
| 9:59 | Create | Villager (Male) |
| 10:41 | Build | Blacksmith |
| 11:35 | Build | Market |
| 12:24 | Build | Palisade Wall |
| 12:28 | Build | Palisade Gate |
| 12:32 | Build | Palisade Wall |
| 12:58 | Research | Castle Age |
| 13:31 | Build | Mining Camp |
| 15:38 | Age | Castle Age |
| 15:49 | Build | Town Center |
| 15:57 | Build | Town Center |
| 16:05 | Build | Town Center |
| 16:22 | Build | Farm |
| 16:24 | Build | Farm |
| 16:24 | Build | Farm |
| 16:26 | Build | Farm |
| 16:27 | Build | Farm |
| 16:28 | Build | Farm |
| 16:59 | Build | Farm |
| 17:00 | Build | Farm |
| 17:03 | Build | Farm |
| 17:04 | Build | Farm |
| 17:06 | Build | Farm |
| 17:12 | Create | Villager (Male) |
| 17:13 | Create | Villager (Male) |
| 17:13 | Create | Villager (Male) |
| 17:13 | Create | Villager (Male) |
| 17:14 | Create | Villager (Male) |
| 17:25 | Build | Farm |
| 17:26 | Build | Farm |
| 17:58 | Create | Villager (Male) ×5 |
| 17:58 | Create | Villager (Male) ×5 |
| 18:17 | Build | Barracks |
| 18:22 | Create | Villager (Male) ×5 |
| 18:23 | Create | Villager (Male) ×5 |
| 18:55 | Build | Palisade Wall |
| 18:58 | Build | Palisade Wall |
| 19:03 | Build | Palisade Wall |
| 19:13 | Build | Palisade Wall |
| 19:18 | Create | Villager (Male) ×5 |
| 19:27 | Build | House |
| 19:28 | Build | House |
| 19:29 | Build | House |
| 19:34 | Build | Stable |
| 19:48 | Create | Villager (Male) ×3 |
| 19:48 | Create | Villager (Male) ×3 |
| 19:49 | Create | Villager (Male) ×3 |
| 20:02 | Build | Farm |
| 20:07 | Build | Farm |
| 20:27 | Create | Villager (Male) ×3 |
| 20:30 | Build | Farm |
| 20:32 | Build | Farm |
| 20:38 | Create | Villager (Male) ×3 |
| 20:38 | Create | Villager (Male) ×3 |
| 20:38 | Create | Villager (Male) ×3 |
| 20:54 | Build | Farm |
| 20:58 | Build | Farm |
| 21:03 | Create | Villager (Male) ×2 |
| 21:03 | Create | Villager (Male) ×2 |
| 21:19 | Build | Farm |
| 21:22 | Build | Farm |
| 21:29 | Build | Farm |
| 21:32 | Build | Farm |
| 21:34 | Build | Farm |
| 21:38 | Create | Camel Scout ×3 |
| 21:51 | Build | Farm |
| 22:29 | Build | House |
| 22:30 | Build | House |
| 22:31 | Build | House |
| 22:54 | Create | Villager (Male) ×5 |
| 23:01 | Build | Town Center |
| 23:16 | Create | Camel Scout |
| 23:25 | Build | Town Center |
| 24:06 | Build | Palisade Gate |
| 24:59 | Create | Camel Scout |
| 25:00 | Create | Camel Scout |
| 25:00 | Create | Camel Scout |
| 25:04 | Research | Scale Barding Armor |
| 25:05 | Research | Forging |
| 25:41 | Create | Villager (Male) ×5 |
| 25:42 | Create | Villager (Male) ×5 |
| 26:01 | Build | Gate |
| 26:15 | Create | Villager (Male) ×4 |
| 26:15 | Create | Villager (Male) ×4 |
| 26:50 | Create | Camel Scout |
| 26:50 | Create | Camel Scout |
| 26:51 | Create | Camel Scout |
| 26:58 | Create | Villager (Male) ×4 |
| 26:58 | Create | Villager (Male) ×4 |
| 26:58 | Create | Villager (Male) ×4 |
| 27:56 | Create | Villager (Male) ×2 |
| 27:57 | Create | Villager (Male) ×2 |
| 27:57 | Create | Villager (Male) ×2 |
| 28:08 | Build | Farm |
| 28:10 | Build | Farm |
| 28:11 | Build | Farm |
| 28:22 | Build | Farm |
| 28:23 | Build | Farm |
| 28:25 | Build | Farm |
| 28:26 | Build | Farm |
| 28:30 | Research | Bloodlines |
| 29:50 | Create | Villager (Male) ×3 |
| 29:50 | Create | Villager (Male) ×3 |
| 30:13 | Create | Villager (Male) ×3 |
| 30:13 | Create | Villager (Male) ×4 |
| 30:26 | Build | House |
| 30:27 | Build | House |
| 30:28 | Build | House |
| 30:30 | Build | House |
| 30:31 | Build | House |
| 30:56 | Research | Husbandry |
| 31:06 | Build | Stable |
| 31:10 | Build | Stable |
| 31:15 | Build | Farm |
| 31:16 | Build | Farm |
| 31:17 | Build | Farm |
| 31:20 | Build | Farm |
| 31:21 | Build | Farm |
Build order — FRANCO1
First 150 of 529 actions detected
| 0:01 | Create | Villager (Male) |
| 0:01 | Create | Villager (Male) |
| 0:01 | Create | Villager (Male) |
| 0:01 | Create | Villager (Male) |
| 0:02 | Build | House |
| 0:03 | Build | House |
| 1:33 | Create | Villager (Male) |
| 1:33 | Create | Villager (Male) |
| 1:40 | Create | Villager (Male) |
| 1:40 | Create | Villager (Male) |
| 1:48 | Build | Lumber Camp |
| 2:04 | Create | Villager (Male) |
| 2:31 | Create | Villager (Male) |
| 2:31 | Create | Villager (Male) |
| 2:31 | Create | Villager (Male) |
| 3:20 | Create | Villager (Male) |
| 3:20 | Create | Villager (Male) |
| 3:21 | Create | Villager (Male) |
| 3:21 | Create | Villager (Male) |
| 3:45 | Create | Villager (Male) |
| 3:45 | Create | Villager (Male) |
| 3:45 | Create | Villager (Male) |
| 3:52 | Build | House |
| 3:53 | Build | House |
| 3:54 | Build | House |
| 4:01 | Create | Villager (Male) |
| 4:02 | Create | Villager (Male) |
| 4:02 | Create | Villager (Male) |
| 4:26 | Create | Villager (Male) |
| 4:26 | Create | Villager (Male) |
| 5:53 | Build | Palisade Wall |
| 5:55 | Build | Palisade Wall |
| 6:17 | Create | Villager (Male) |
| 6:18 | Create | Villager (Male) |
| 6:18 | Create | Villager (Male) |
| 6:18 | Create | Villager (Male) |
| 7:16 | Create | Villager (Male) |
| 7:23 | Build | Mill |
| 7:48 | Research | Loom |
| 8:38 | Research | Feudal Age |
| 9:18 | Create | Villager (Male) |
| 9:19 | Create | Villager (Male) |
| 10:02 | Build | Lumber Camp |
| 10:57 | Age | Feudal Age |
| 11:09 | Build | Stable |
| 11:50 | Research | Bloodlines |
| 11:51 | Create | Scout Cavalry |
| 11:51 | Create | Scout Cavalry |
| 11:52 | Create | Scout Cavalry |
| 12:09 | Build | Farm |
| 12:10 | Build | Farm |
| 13:04 | Build | House |
| 13:23 | Create | Villager (Male) |
| 13:23 | Create | Villager (Male) |
| 13:24 | Create | Villager (Male) |
| 13:31 | Create | Scout Cavalry |
| 13:38 | Research | Double-Bit Axe |
| 13:39 | Research | Horse Collar |
| 13:44 | Build | House |
| 13:54 | Build | Palisade Wall |
| 14:36 | Build | Farm |
| 14:39 | Build | Farm |
| 14:43 | Build | Farm |
| 14:45 | Build | Farm |
| 14:48 | Build | Farm |
| 14:51 | Build | Farm |
| 14:54 | Build | Farm |
| 14:57 | Build | Farm |
| 15:00 | Build | Farm |
| 15:04 | Build | Farm |
| 15:07 | Build | Farm |
| 15:11 | Create | Villager (Male) |
| 15:11 | Create | Villager (Male) |
| 15:11 | Create | Villager (Male) |
| 15:12 | Create | Villager (Male) |
| 15:12 | Create | Villager (Male) |
| 15:12 | Create | Villager (Male) |
| 15:17 | Build | Palisade Gate |
| 15:32 | Create | Villager (Male) |
| 15:46 | Build | Stable |
| 17:09 | Create | Scout Cavalry |
| 17:09 | Create | Scout Cavalry |
| 17:09 | Create | Scout Cavalry |
| 17:09 | Create | Scout Cavalry |
| 17:10 | Create | Scout Cavalry |
| 17:10 | Create | Scout Cavalry |
| 17:10 | Create | Scout Cavalry |
| 17:10 | Create | Scout Cavalry |
| 17:11 | Create | Scout Cavalry |
| 17:11 | Create | Scout Cavalry |
| 17:11 | Create | Scout Cavalry |
| 17:26 | Create | Villager (Male) |
| 17:26 | Create | Villager (Male) |
| 17:31 | Build | Blacksmith |
| 17:44 | Build | House |
| 18:13 | Create | Scout Cavalry |
| 18:13 | Create | Scout Cavalry |
| 18:19 | Build | Farm |
| 18:19 | Build | Farm |
| 18:19 | Build | Farm |
| 18:20 | Build | Farm |
| 18:20 | Build | Farm |
| 18:20 | Build | Farm |
| 18:21 | Build | Farm |
| 18:21 | Build | Farm |
| 18:24 | Build | House |
| 18:24 | Build | House |
| 18:24 | Build | House |
| 18:25 | Build | House |
| 18:38 | Create | Scout Cavalry |
| 18:38 | Create | Scout Cavalry |
| 18:38 | Create | Scout Cavalry |
| 18:38 | Create | Scout Cavalry |
| 19:09 | Build | Farm |
| 19:09 | Build | Farm |
| 19:11 | Create | Villager (Male) |
| 19:12 | Create | Villager (Male) |
| 19:12 | Create | Villager (Male) |
| 19:23 | Build | Mining Camp |
| 19:28 | Build | Mining Camp |
| 19:31 | Create | Villager (Male) |
| 19:31 | Create | Villager (Male) |
| 19:32 | Create | Villager (Male) |
| 19:42 | Build | House |
| 19:43 | Build | House |
| 19:45 | Build | House |
| 19:47 | Build | House |
| 19:48 | Build | House |
| 20:52 | Research | Scale Barding Armor |
| 20:53 | Research | Forging |
| 20:59 | Build | Market |
| 22:25 | Research | Castle Age |
| 23:29 | Create | Villager (Male) |
| 23:29 | Create | Villager (Male) |
| 23:30 | Research | Wheelbarrow |
| 25:04 | Build | Stable |
| 25:05 | Age | Castle Age |
| 25:09 | Build | Stable |
| 25:33 | Research | Light Cavalry (upgrade) |
| 25:33 | Research | Husbandry |
| 25:35 | Research | Chain Barding Armor |
| 25:36 | Research | Iron Casting |
| 26:18 | Create | Battle Elephant ×5 |
| 26:53 | Create | Villager (Male) |
| 26:53 | Create | Villager (Male) |
| 26:53 | Create | Villager (Male) |
| 26:53 | Create | Villager (Male) |
| 26:54 | Create | Villager (Male) |
| 27:13 | Create | Villager (Male) |
| 27:14 | Create | Villager (Male) |
Match timeline
| 5:45 | Bantum · wall_segment Palisade Wall x14 |
| 5:53 | FRANCO1 · wall_segment Palisade Wall x3 |
| 5:55 | FRANCO1 · wall_segment Palisade Wall x6 |
| 6:38 | Bantum · wall_segment Palisade Wall x14 |
| 9:33 | Bantum · wall_segment Palisade Wall x11 |
| 9:39 | Bantum · wall_segment Palisade Wall x15 |
| 9:42 | max_paynich · age_up feudal |
| 10:01 | Fragless · age_up feudal |
| 10:03 | passami lo sdrogo · first_building Barracks |
| 10:12 | Bantum · first_building Barracks |
| 10:30 | kittarington · age_up feudal |
| 10:57 | FRANCO1 · age_up feudal |
| 11:09 | FRANCO1 · first_building Stable |
| 11:22 | * · wall_segment Palisade Wall x12 |
| 11:23 | Bantum · age_up feudal |
| 11:33 | kittarington · first_building Barracks |
| 12:21 | Fragless · first_market_sell 100 wood |
| 12:24 | max_paynich · wall_segment Palisade Wall x9 |
| 12:32 | max_paynich · wall_segment Palisade Wall x9 |
| 12:34 | Bantum · first_building Archery Range |
| 12:40 | Gabrielzou · resign |
| 12:46 | * · age_up feudal |
| 13:33 | passami lo sdrogo · age_up feudal |
| 13:54 | FRANCO1 · wall_segment Palisade Wall x9 |
| 13:58 | * · wall_segment Palisade Wall x7 |
| 14:27 | passami lo sdrogo · first_building Stable |
| 14:33 | passami lo sdrogo · wall_segment Stone Wall x13 |
| 14:50 | * · first_building Barracks |
| 14:50 | Fragless · age_up castle |
| 15:12 | * · wall_segment Palisade Wall x1 |
| 15:38 | max_paynich · age_up castle |
| 15:53 | * · first_building Stable |
| 17:19 | * · age_up castle |
| 17:50 | * · first_building Monastery |
| 18:17 | max_paynich · first_building Barracks |
| 18:50 | Fragless · first_building Barracks |
| 18:55 | max_paynich · wall_segment Palisade Wall x21 |
| 18:58 | max_paynich · wall_segment Palisade Wall x4 |
| 19:03 | max_paynich · wall_segment Palisade Wall x11 |
| 19:05 | Fragless · wall_segment Stone Wall x14 |
| 19:13 | max_paynich · wall_segment Palisade Wall x6 |
| 19:34 | max_paynich · first_building Stable |
| 19:40 | kittarington · wall_segment Stone Wall x6 |
| 19:51 | kittarington · wall_segment Stone Wall x17 |
| 20:14 | kittarington · age_up castle |
| 21:03 | Fragless · wall_segment Stone Wall x21 |
| 21:50 | * · wall_segment Palisade Wall x5 |
| 24:49 | * · first_market_buy 100 food |
| 24:51 | * · first_market_sell 100 wood |
| 24:57 | Fragless · first_building Castle |
| 25:05 | FRANCO1 · age_up castle |
| 28:37 | Fragless · wall_segment Stone Wall x6 |
| 30:04 | * · first_building Castle |
| 30:31 | FRANCO1 · first_building Siege Workshop |
| 31:01 | FRANCO1 · wall_segment Stone Wall x14 |
| 31:48 | FRANCO1 · wall_segment Stone Wall x5 |
| 33:11 | Fragless · age_up imperial |
| 35:26 | Fragless · first_building Stable |
| 36:15 | max_paynich · first_building Castle |
| 36:36 | * · age_up imperial |
| 36:55 | FRANCO1 · first_building Monastery |
| 39:40 | FRANCO1 · age_up imperial |
| 40:45 | Fragless · first_market_buy 100 food |
| 41:08 | max_paynich · wall_segment Stone Wall x1 |
| 42:56 | FRANCO1 · first_building Barracks |
| 44:06 | Fragless · first_building Monastery |
| 53:19 | max_paynich · wall_segment Stone Wall x1 |
| 53:30 | max_paynich · wall_segment Stone Wall x8 |
| 56:59 | max_paynich · age_up imperial |
| 57:27 | max_paynich · first_market_sell 500 wood |
| 61:20 | FRANCO1 · first_building Castle |
| 68:36 | Fragless · tribute_sent a jugador 1 |
| 68:36 | Fragless · tribute_sent a jugador 2 |
| 68:36 | Fragless · tribute_sent a jugador 3 |
| 68:36 | Fragless · tribute_sent a jugador 4 |
| 68:36 | Fragless · tribute_sent a jugador 6 |
| 68:36 | Fragless · tribute_sent a jugador 7 |
| 68:36 | Fragless · tribute_sent a jugador 8 |
[ AI ANALYSIS · 1 CREDIT ]
What really happened in this match?
Wolo.gg analyzes every decision: build order, eco, micro, common mistakes by bracket. Personalized analysis on WhatsApp or Discord in 30 seconds.
Civ guide
Lithuanians
Perfil
Jugador #1756230